AoeStats
← RICARDONE ES SABALERO

MegaRandom

509243803Analyzed
3v3 RM · 7d ago on Sep 26, 2026· 51m 4s· 6 players
Game mode
Random Map
Map size
Normal (6 player)
Population
200
Speed
Normal
Resources
Standard
Victory
Conquest
Starting age
Dark Age
Ending age
Imperial Age
RankedLock teamsTeams togetherTeam positionsShared explorationLock speedFull tech treeHidden civsTurbo modeCheats
Victory
Defeat
🇺🇸 Sicilians · United States
1121
+15
🇺🇸 Franks · United States
1093
+17
🇺🇸 Saracens · United States
1072
+17
🇲🇽 Koreans · Mexico
1129
-17
🇦🇷 Varangians · Argentina
1125
-17
🇨🇴 Vietnamese · Colombia
1063
-15
BayofDeath1
11:30 Feudal Age
11:09 Loom
20:00 Castle Age
18:06 Double-Bit Axe
19:14 Fletching
20:48 Wheelbarrow
20:06 Gold Mining
21:53 Bow Saw
23:37 Scale Mail Armor
27:59 Horse Collar
32:59 Heavy Plow
36:14 Chain Mail Armor
36:09 Forging
35:59 Stone Mining
40:15 Iron Casting
40:52 Arson
41:08 Squires
44:57 Imperial Age
42:21 Town Watch
44:11 Hand Cart
46:28 Plate Mail Armor
45:55 Elite Serjeant
48:54 Bodkin Arrow
50:03 Chemistry
49:25 Ballistics
49:15 Arrowslits
49:43 Masonry
raney24fcb
3:59 Loom
11:52 Feudal Age
13:12 Wheelbarrow
16:28 Castle Age
14:36 Double-Bit Axe
17:39 Padded Archer Armor
18:00 Hand Cart
17:53 Crossbowman
19:19 Fletching
24:06 Horse Collar
24:37 Bow Saw
24:27 Bodkin Arrow
26:45 Leather Archer Armor
28:32 Scale Barding Armor
29:24 Forging
31:39 Elite Skirmisher
32:56 Iron Casting
33:13 Chain Barding Armor
36:38 Imperial Age
36:50 Elite Mameluke
38:47 Gold Mining
41:45 Blast Furnace
41:22 Plate Barding Armor
41:16 Bracer
43:19 Conscription
47:32 Gold Shaft Mining
48:57 Husbandry
FreePotatoes
9:59 Loom
12:41 Feudal Age
16:43 Castle Age
15:14 Double-Bit Axe
18:03 Gold Mining
19:18 Scale Barding Armor
19:27 Forging
22:12 Scale Barding Armor
23:28 Husbandry
22:54 Elite Skirmisher
25:53 Fletching
27:45 Padded Archer Armor
28:04 Padded Archer Armor
33:16 Imperial Age
32:23 Wheelbarrow
35:24 Chemistry
35:16 Chain Barding Armor
36:12 Cavalier
38:08 Plate Barding Armor
38:09 Iron Casting
38:38 Conscription
48:01 Gold Shaft Mining
50:38 Paladin
RICARDONE ES SABALERO
5:26 Loom
11:04 Feudal Age
14:46 Castle Age
12:44 Double-Bit Axe
13:28 Fletching
14:46 Horse Collar
15:57 Bow Saw
25:51 Bodkin Arrow
28:42 Wheelbarrow
29:44 Bloodlines
29:34 Husbandry
30:11 Scale Barding Armor
31:24 Chain Barding Armor
32:32 Forging
33:56 Gold Mining
41:16 Imperial Age
39:57 Iron Casting
39:46 Pikeman
40:28 Scale Mail Armor
40:35 Heavy Plow
41:57 Elite Jarl
44:26 Chain Mail Armor
El_Portu
7:38 Loom
11:01 Feudal Age
13:03 Town Watch
13:48 Double-Bit Axe
19:18 Horse Collar
19:51 Fletching
20:56 Loom
26:49 Castle Age
26:00 Gold Mining
27:40 Bow Saw
27:48 Bodkin Arrow
27:59 Crossbowman
31:17 Padded Archer Armor
35:47 Wheelbarrow
36:29 Thumb Ring
37:18 Town Patrol
38:41 Husbandry
40:03 Heavy Plow
master
2:56 Loom
11:58 Feudal Age
13:43 Wheelbarrow
16:57 Castle Age
15:14 Double-Bit Axe
15:40 Fletching
17:47 Horse Collar
24:15 Sanctity
24:03 Town Watch
24:36 Town Watch
25:40 Fervor
26:58 Crossbowman
27:43 Thumb Ring
29:48 Hand Cart
34:42 Imperial Age
32:26 Thumb Ring
33:24 Ballistics
34:49 Arbalester
35:48 Bodkin Arrow
36:45 Bracer
37:00 Eupseong
37:48 Fortified Wall
38:39 Chemistry
38:20 Squires
38:06 Arson
37:41 Elite Fire Lancer
38:24 Scale Mail Armor
38:53 Block Printing
39:47 Conscription
39:59 Chain Mail Armor
39:54 Forging
42:17 Plate Mail Armor
42:22 Iron Casting
41:22 Pikeman
43:43 Caravan
43:41 Halberdier
44:04 Elite Skirmisher
45:12 Gold Mining
45:13 Stone Mining
46:02 Elite War Wagon
46:51 Eupseong
47:19 Murder Holes
47:30 Siege Engineers
47:36 Masonry
47:07 Treadmill Crane
48:16 Shinkichon
Connection lost

Rejoining the realm…

Still unreachable

The connection could not be restored.

Session expired

The server has moved on; the page needs a fresh start.